 Seeded DCSS version 0.30-a0-948-g4fa250aae5 (webtiles) character file.

Game seed: 20230326 (custom seed)

172 a11behringer the Slasher (level 5, 0/28 (43) HPs)
             Began as a Gnoll Reaver on Mar 26, 2023.
             Slain by a black bear (1 damage)
             ... on level 5 of the Dungeon.
             The game lasted 00:05:01 (1382 turns).

a11behringer the Slasher (Gnoll Reaver)             Turns: 1382, Time: 00:05:03

HP:   0/28 (43)     AC:  5    Str: 12    XL:     5   Next: 52%
MP:   11/12         EV: 18    Int: 12    God:
Gold: 92            SH:  0    Dex: 12    Spells: 13/14 levels left

rFire   . . .      SeeInvis .    n - +0 long sword
rCold   . . .      Faith    .    (no shield)
rNeg    . . .      Spirit   .    b - +0 leather armour
rPois   .          Reflect  .    l - +0 helmet
rElec   .          Rampage  .    (no cloak)
rCorr   .                        c - +0 pair of gloves
Will    .....                    (no boots)
Stlth   +                        (no amulet)
HPRegen 0.24/turn                m - +5 ring of evasion
MPRegen 0.13/turn                (no ring)

@: very heavily drained
A: fangs 1, strong nose, distributed training
a: no special abilities


You were on level 5 of the Dungeon.
You visited 1 branch of the dungeon, and saw 5 of its levels.

You collected 92 gold pieces.

Inventory:

Hand Weapons
 a - a +0 falchion
 f - a +1 dagger of speed
 n - a +0 long sword (weapon)
Armour
 b - a +0 leather armour (worn)
 c - a +0 pair of gloves (worn)
 l - a +0 helmet (worn)
Magical Staves
 e - a staff of poison
Jewellery
 m - a +5 ring of evasion (left hand)
Scrolls
 d - a scroll of immolation {unknown}
 h - 2 scrolls of enchant armour {unknown}
 k - 2 scrolls of fear {unknown}
 o - a scroll of identify {unknown}
 p - a scroll of brand weapon {unknown}
 q - a scroll of silence {unknown}
Potions
 g - a potion of curing {unknown}
 i - a potion of haste {unknown}
 j - a potion of brilliance {unknown}
 r - 2 potions of might {unknown}


   Skills:
 + Level 4.8 Fighting
 + Level 1.6 Short Blades
 + Level 6.7 Long Blades
 + Level 1.6 Axes
 + Level 1.6 Maces & Flails
 + Level 1.6 Polearms
 + Level 1.6 Staves
 + Level 1.6 Ranged Weapons
 + Level 1.6 Throwing
 + Level 1.6 Armour
 + Level 4.8 Dodging
 + Level 1.6 Stealth
 + Level 1.6 Shields
 + Level 1.6 Unarmed Combat
 + Level 5.2 Spellcasting
 + Level 5.5 Conjurations
 + Level 1.2 Hexes
 + Level 1.2 Summonings
 + Level 1.2 Necromancy
 + Level 1.2 Translocations
 + Level 1.2 Transmutations
 + Level 1.2 Fire Magic
 + Level 1.2 Ice Magic
 + Level 1.2 Air Magic
 + Level 1.2 Earth Magic
 + Level 1.2 Poison Magic
 + Level 1.8 Invocations
 + Level 1.6 Evocations


You had 13 spell levels left.
You knew the following spells:

 Your Spells              Type           Power      Damage    Failure   Level
a - Kiss of Death         Conj/Necr      44%        2d8       6%          1

Your spell library contained the following spells:

 Spells                   Type           Power      Damage    Failure   Level
 Shock                    Conj/Air       44%        1d5       6%          1
 Momentum Strike          Conj/Tloc      22%        3d8       10%         2
 Hailstorm                Conj/Ice       11%        3d5       19%         3
 Swiftness                Air            6%         N/A       41%         3
 Airstrike                Air            3%         2d(1-17)  82%         4


Dungeon Overview and Level Annotations

Branches:
Dungeon (5/15)
 Temple: D:4-7

Altars:
Kikubaaqudgha
Trog

Shops:
D:4 [?

Annotations:
D:5 3 runed translucent doors, NagohShan's ghost, amateur DENe; cheesebisquit's ghost, novice HOFi; deadpool521's ghost, novice MiFi; mandarbmax's ghost, amateur AtFi; voltaire321's ghost, novice MfGl


Innate Abilities, Weirdness & Mutations

You have very sharp teeth.
Your uncanny sense of smell can sniff out nearby items.
Your experience applies equally to all skills.


Message History

The black bear is severely wounded.
The orc misses you. x2
The black bear bites you but does no damage.
The black bear claws you but does no damage.
The black bear barely misses you.
You hit the black bear but do no damage.
The black bear is severely wounded.
The orc hits you but does no damage. The orc completely misses you.
The black bear bites you but does no damage.
The black bear misses you.
The black bear claws you but does no damage.
The orc hits you but does no damage.
You hit the black bear.
The black bear is severely wounded.
The orc closely misses you. The orc hits you with a +0 short sword.
The black bear misses you. The black bear barely misses you. x2
You barely miss the black bear.
The black bear is severely wounded.
The orc hits you with a +0 flail. The orc hits you but does no damage.
The orc barely misses you. The orc completely misses you.
The black bear goes berserk!
You hit the black bear but do no damage.
You bite the black bear, but do no damage.
The black bear is severely wounded.
The black bear bites you. The black bear barely misses you.
The black bear closely misses you. The orc misses you.
The orc barely misses you. The orc misses you. The orc completely misses you.
The black bear bites you!
* * * LOW HITPOINT WARNING * * *
The black bear claws you.
* * * LOW HITPOINT WARNING * * *
The black bear misses you. The orc misses you. The orc closely misses you.
The orc completely misses you. x2
You slash the black bear!
You bite the black bear, but do no damage.
The black bear is almost dead.
The black bear bites you.
* * * LOW HITPOINT WARNING * * *
The black bear claws you.
You die...

∆ ∆ ∆
###########
#.........#
#.........# ∆
#......o@o#
#...[..oho......
#######.........
#.........
#.........
#.........
#.........
#.........


You could see a black bear (berserk, drained) and 4 orcs.

Vanquished Creatures
  A scorpion (D:5)
  A hound (D:5)
  An iguana (D:5)
  An adder (D:2)
  An ufetubus (D:5)
  A worm (D:4)
  A dart slug (D:1)
  4 ball pythons
  3 bats (D:1)
  3 endoplasms
  2 giant cockroaches (D:1)
  A goblin (D:1)
  6 hobgoblins
  6 jackals
  2 kobolds (D:1)
  2 frilled lizards (D:1)
  3 rats (D:1)
39 creatures vanquished.

Notes
Turn   | Place    | Note
-------+----------+-------------------------------------------
     0 | D:1      | a11behringer the Gnoll Reaver began the quest for the Orb.
     0 | D:1      | Reached XP level 1. HP: 20/20 MP: 6/6
   124 | D:1      | Reached XP level 2. HP: 25/26 MP: 7/7
   371 | D:1      | Reached skill level 5 in Spellcasting
   371 | D:1      | Reached XP level 3. HP: 31/31 MP: 7/9
   877 | D:2      | Reached skill level 1 in Invocations
  1016 | D:2      | Reached skill level 1 in Short Blades
  1016 | D:2      | Reached skill level 1 in Axes
  1016 | D:2      | Reached skill level 1 in Maces & Flails
  1016 | D:2      | Reached skill level 1 in Polearms
  1016 | D:2      | Reached skill level 1 in Staves
  1016 | D:2      | Reached skill level 1 in Ranged Weapons
  1016 | D:2      | Reached skill level 1 in Throwing
  1016 | D:2      | Reached skill level 1 in Armour
  1016 | D:2      | Reached skill level 1 in Stealth
  1016 | D:2      | Reached skill level 1 in Shields
  1016 | D:2      | Reached skill level 1 in Unarmed Combat
  1016 | D:2      | Reached skill level 1 in Evocations
  1040 | D:3      | Found a bloodstained altar of Trog.
  1106 | D:4      | Found Zocaoth's Antique Armour Shoppe.
  1149 | D:4      | Found Acalause's Magic Scroll Boutique.
  1151 | D:5      | Entered Level 5 of the Dungeon
  1195 | D:5      | Found an ancient bone altar of Kikubaaqudgha.
  1209 | D:5      | Reached skill level 1 in Hexes
  1209 | D:5      | Reached skill level 1 in Summonings
  1209 | D:5      | Reached skill level 1 in Necromancy
  1209 | D:5      | Reached skill level 1 in Translocations
  1209 | D:5      | Reached skill level 1 in Transmutations
  1209 | D:5      | Reached skill level 1 in Fire Magic
  1209 | D:5      | Reached skill level 1 in Ice Magic
  1209 | D:5      | Reached skill level 1 in Air Magic
  1209 | D:5      | Reached skill level 1 in Earth Magic
  1209 | D:5      | Reached skill level 1 in Poison Magic
  1209 | D:5      | Reached XP level 4. HP: 38/38 MP: 11/11
  1246 | D:5      | Noticed a scorpion
  1255 | D:5      | Killed a scorpion
  1256 | D:5      | Reached XP level 5. HP: 30/38 MP: 9/12
  1362 | D:5      | Found a runed translucent gate.
  1362 | D:5      | Found a runed translucent gate.
  1362 | D:5      | Found a runed translucent gate.
  1362 | D:5      | Noticed voltaire321's ghost (novice MfGl)
  1363 | D:5      | Noticed mandarbmax's ghost (amateur AtFi)
  1363 | D:5      | Noticed NagohShan's ghost (amateur DENe)
  1363 | D:5      | Noticed cheesebisquit's ghost (novice HOFi)
  1363 | D:5      | Noticed deadpool521's ghost (novice MiFi)
  1363 | D:5      | Noticed a black bear
  1382 | D:5      | HP: 1/28 [black bear (4)]
  1382 | D:5      | Slain by a black bear

Illustrated notes

Levels and vault maps discovered:
D:1:      matt_arrival_spirals, layout_basic, minmay_bisected
D:2:      minmay_chambers_of_twos, layout_basic
D:3:      layout_basic, lemuel_doored_altar,
          mainiacjoe_overflow_six_doors_small, old_standard_altar,
          basic_ecumenical_altar
D:4:      layout_cave_pools, okawaru_metal_pillars_3,
          mainiacjoe_overflow_alcove_1, kennysheep_mini_moat, serial_shops,
          nicolae_lakefront_shop, nicolae_lakefront_shop, shop
D:5:      layout_basic, mainiacjoe_overflow_chevrons, gammafunk_ghost_cemetery,
          kennysheep_windowed_goal, uniq_menkaure, uniq_grinder

Skill      XL: |  1  2  3 |
---------------+----------+-----
Spellcasting   | 5 |  5.2
Invocations    | 1 |  1.8
Short Blades   | 1 |  1.6
Axes           | 1 |  1.6
Maces & Flails | 1 |  1.6
Polearms       | 1 |  1.6
Staves         | 1 |  1.6
Ranged Weapons | 1 |  1.6
Throwing       | 1 |  1.6
Armour         | 1 |  1.6
Stealth        | 1 |  1.6
Shields        | 1 |  1.6
Unarmed Combat | 1 |  1.6
Evocations     | 1 |  1.6
Hexes          | 1 |  1.2
Summonings     | 1 |  1.2
Necromancy     | 1 |  1.2
Translocations | 1 |  1.2
Transmutations | 1 |  1.2
Fire Magic     | 1 |  1.2
Ice Magic      | 1 |  1.2
Air Magic      | 1 |  1.2
Earth Magic    | 1 |  1.2
Poison Magic   | 1 |  1.2
Fighting       | |  4.8
Long Blades    | |  6.7
Dodging        | |  4.8
Conjurations   | |  5.5

Action                     |  1- 3 |  4- 6 || total
---------------------------+-------+-------++-------
  Melee: Falchion          |   115 |       ||   115
         Punch             |     4 |     1 ||     5
         Bite              |    13 |     4 ||    17
         Long sword        |     5 |    21 ||    26
   Cast: Kiss of Death     |       |     4 ||     4
 Armour: Leather armour    |    51 |    18 ||    69
  Dodge: Dodged            |   112 |    58 ||   170

Table legend: (Time is in decaauts)
 A = Elapsed time spent in this place.
 B = Non-inter-level travel time spent in this place.
 C = Inter-level travel time spent in this place.
 D = Time resting spent in this place.
 E = Time spent auto-exploring this place.
 F = Levels seen in this place.
 G = Mean time per level.
                   A        B        C        D        E       F      G
               +--------+--------+--------+--------+--------+-----+--------+
         Total |   1379 |   1124 |    255 |      0 |    839 |   5 |  275.8 |
       Dungeon |   1379 |   1124 |    255 |      0 |    839 |   5 |  275.8 |
               +--------+--------+--------+--------+--------+-----+--------+

Top non-repeatable levels by time:
     D:1: 867 daAuts
     D:5: 232 daAuts
     D:2: 157 daAuts
     D:3: 78 daAuts
     D:4: 43 daAuts
